 Dungeon Crawl Stone Soup version 0.31-a0-460-g9e667d4245 (webtiles) character file.

Game seed: 15901700443657899237

1959 oldmanjim the Shooter (level 9, 0/72 HPs)
             Began as a Barachi Hexslinger on Aug 4, 2023.
             Slain by a troll (6 damage)
             ... on level 6 of the Dungeon.
             The game lasted 00:33:33 (5886 turns).

oldmanjim the Shooter (Barachi Hexslinger)          Turns: 5886, Time: 00:33:33

Health: 0/72       AC:  5    Str:  9    XL:     9   Next: 19%
Magic:  16/16      EV: 15    Int: 13    God:
Gold:   358        SH:  0    Dex: 20    Spells: 14/18 levels left

rFire   . . .        b - +0 short sword (venom)
rCold   . . .        (no shield)
rNeg    . . .        c - +0 robe
rPois   .            v - +0 helmet
rElec   .            (no cloak)
rCorr   .            (no gloves)
SInv    .            w - +1 pair of boots {Stlth+}
Will    .....        (no amulet)
Stlth   +++          (no ring)
HPRegen 0.32/turn    (no ring)
MPRegen 0.15/turn

%: no passive effects
@: unable to hop, slow
A: amphibious, slowness 1, strong legs 1, +LOS
a: Hop


You were on level 6 of the Dungeon.
You visited 1 branch of the dungeon, and saw 6 of its levels.

You collected 358 gold pieces.

Inventory:

Hand Weapons
 a - a +0 shortbow
 b - a +0 short sword of venom (weapon)
 q - a +1 dagger of electrocution
 E - a +1 sling
Missiles
 d - 39 stones
 m - 7 poisoned darts (quivered)
 n - 5 silver javelins
 s - 5 boomerangs
 B - a curare-tipped dart
Armour
 c - a +0 robe (worn)
 v - a +0 helmet (worn)
 w - a +1 pair of boots of stealth (worn)
 z - a +0 tower shield
Talismans
 l - a maw talisman
Scrolls
 e - 2 scrolls of poison
 o - 3 scrolls of fear
 p - a scroll of silence
 u - 2 scrolls of enchant weapon
 x - 2 scrolls of vulnerability {unknown}
 y - a scroll of noise {unknown}
 C - 2 scrolls of teleportation {unknown}
 D - a scroll of torment {unknown}
 F - a scroll of butterflies {unknown}
 G - a scroll of blinking {unknown}
 H - 2 scrolls of fog {unknown}
Potions
 f - 2 potions of might {unknown}
 g - 3 potions of heal wounds {unknown}
 h - 2 potions of enlightenment {unknown}
 i - 4 potions of mutation {unknown}
 j - 4 potions of haste
 k - a potion of cancellation {unknown}
 r - 3 potions of curing {unknown}
 t - a potion of degeneration {unknown}
 A - a potion of brilliance {unknown}


   Skills:
 + Level 7.1 Fighting
 + Level 7.4 Ranged Weapons
 - Level 5.0 Dodging
 - Level 5.0 Spellcasting
 - Level 4.0 Hexes
 - Level 2.0 Fire Magic


You had 14 spell levels left.
You knew the following spells:

 Your Spells              Type           Power      Damage    Failure   Level
a - Slow                  Hex            52%        N/A       3%          1
b - Inner Flame           Hex/Fire       11%        N/A       16%         3

Your spell library contained the following spells:

 Spells                   Type           Power      Damage    Failure   Level
 Shock                    Conj/Air       12%        1d3       19%         1
 Portal Projectile        Hex/Tloc       16%        N/A       24%         3
 Cause Fear               Hex            6%         N/A       34%         4
 Stone Arrow              Conj/Erth      6%         3d7       50%         3
 Swiftness                Air            3%         N/A       50%         3
 Flame Wave               Conj/Fire      5%         2d5       77%         4
 Sticky Flame             Conj/Fire      5%         2d3       77%         4
 Airstrike                Air            1%         2d(1-17)  88%         4
 Animate Armour           Summ/Erth      6%         N/A       88%         4
 Lehudib's Crystal Spear  Conj/Erth      1%         10d2      100%        8


Dungeon Overview and Level Annotations

Branches:
Dungeon (6/15)
 Temple: D:4-7

Altars:
Ashenzari
Ru
Vehumet
Wu Jian
The Shining One

Shops:
D:2 (


Innate Abilities, Weirdness & Mutations

You are amphibious.
You cover ground slowly.
You can hop short distances.
You have an extended range of vision and can be seen from far away.


Message History

Your +0 short sword of venom begins to drip with poison!
b - a +0 short sword of venom (weapon)
The troll bites you! The troll claws you! x2
You closely miss the troll.
The troll is heavily wounded.
The troll misses you. The troll completely misses you. The troll misses you.
You closely miss the troll.
The troll is heavily wounded.
The troll closely misses you. The troll claws you. x2
You hit the troll but do no damage.
The troll is heavily wounded.
The troll bites you! The troll barely misses you. The troll claws you!
* * * LOW HITPOINT WARNING * * *
You hit the troll but do no damage.
The troll is poisoned.
The troll is heavily wounded.
The troll closely misses you. The troll claws you.
* * * LOW HITPOINT WARNING * * *
The troll closely misses you.
You hit the troll.
The troll looks as sick as possible!
The troll is heavily wounded.
The troll closely misses you. The troll barely misses you. x2
You barely miss the troll.
The troll is severely wounded.
The troll completely misses you. The troll claws you.
* * * LOW HITPOINT WARNING * * *
The troll misses you.
You closely miss the troll.
The troll is severely wounded.
The troll barely misses you. The troll claws you.
* * * LOW HITPOINT WARNING * * *
The troll claws you!
* * * LOW HITPOINT WARNING * * *
You closely miss the troll.
The troll is severely wounded.
The troll misses you. The troll claws you but does no damage.
The troll barely misses you.
You closely miss the troll.
The troll is almost dead.
The troll barely misses you. The troll claws you.
You die...

#............##.....
###..........#......
##.................
#..................
#..................
#.[................
#...#########......
####.T................
#....@..##............
#.#...................
#.#.....>.............
#.#.....##...####.....
#.#.............#.....
#.'..........##.#.....
###..........#........
#..........#........
#..........###.##.#.


You could see a troll (very poisoned).

Vanquished Creatures
  Grinder (D:5)
  Sigmund (D:2)
  A sky beast (D:6)
  2 ogres
  A centaur (D:5)
  A phantom (D:5)
  A kobold brigand (D:5)
  A bullfrog (D:5)
  4 scorpions
  A howler monkey (D:4)
  2 jellies
  2 orc priests
  5 hounds
  2 iguanas (D:6)
  8 orc wizards
  3 gnolls (D:4)
  8 adders
  A shadow imp (D:6)
  An ufetubus (D:6)
  A worm (D:3)
  3 dart slugs
  37 orcs
  5 ball pythons
  6 endoplasms
  3 giant cockroaches
  6 goblins
  9 hobgoblins
  8 jackals
  11 kobolds
  4 quokkas
  5 bats
  6 frilled lizards
  7 rats
157 creatures vanquished.

Notes
Turn   | Place    | Note
-------+----------+-------------------------------------------
     0 | D:1      | oldmanjim the Barachi Hexslinger began the quest for the
                  | Orb.
     0 | D:1      | Reached XP level 1. HP: 15/15 MP: 2/2
   319 | D:1      | Reached XP level 2. HP: 22/22 MP: 4/4
   950 | D:2      | Found Unuh Imo's Antique Weapon Shoppe.
   961 | D:1      | Reached XP level 3. HP: 26/27 MP: 5/5
  1305 | D:2      | Noticed Sigmund
  1314 | D:2      | Killed Sigmund
  1315 | D:2      | Reached XP level 4. HP: 16/37 MP: 6/8
  1315 | D:2      | Reached XP level 5. HP: 18/42 MP: 6/9
  1805 | D:2      | Reached XP level 6. HP: 39/48 MP: 10/10
  2586 | D:3      | Learned a level 3 spell: Inner Flame
  2641 | D:4      | Found an ornate altar of the Wu Jian Council.
  2642 | D:4      | Found a glowing golden altar of the Shining One.
  2644 | D:4      | Found a sacrificial altar of Ru.
  2645 | D:4      | Found a radiant altar of Vehumet.
  2645 | D:4      | Found a broken altar of Ashenzari.
  2792 | D:3      | Reached skill level 1 in Fire Magic
  2885 | D:4      | Reached XP level 7. HP: 50/54 MP: 11/11
  3099 | D:4      | Reached skill level 5 in Ranged Weapons
  3576 | D:5      | Entered Level 5 of the Dungeon
  3875 | D:5      | Reached XP level 8. HP: 37/61 MP: 13/13
  3997 | D:5      | Reached skill level 5 in Fighting
  4511 | D:5      | Reached skill level 5 in Spellcasting
  4560 | D:6      | Noticed Grinder
  4814 | D:6      | Paralysed by Grinder for 3 turns
  5168 | D:6      | Reached skill level 5 in Dodging
  5271 | D:6      | Noticed a troll
  5473 | D:6      | Paralysed by Grinder for 5 turns
  5479 | D:6      | Paralysed by Grinder for 5 turns
  5487 | D:5      | Paralysed by Grinder for 2 turns
  5501 | D:5      | Paralysed by Grinder for 4 turns
  5507 | D:5      | Killed Grinder
  5508 | D:5      | Reached XP level 9. HP: 30/71 MP: 16/16
  5886 | D:6      | Slain by a troll

Illustrated notes

Levels and vault maps discovered:
D:1:      enne_arrival_octagon_isle, layout_loops_corners
D:2:      layout_loops_cross, serial_shops, shop, minmay_cut_off, uniq_sigmund
D:3:      layout_basic, minmay_mini_jars
D:4:      layout_basic, grunt_temple_overflow_open, minmay_misc_feat_pillars
D:5:      layout_rooms, nicolae_houndstooth_variations
D:6:      layout_basic, xom_redecorated, amethyst_killhole,
          minmay_crystal_water, uniq_grinder

Skill      XL: |  1  2  3  4  5  6  7  8  9 |
---------------+----------------------------+-----
Fighting       | 2 4 6 7 |  7.1
Spellcasting   | 3 5 |  5.0
Ranged Weapons | 4 5 7 |  7.4
Dodging        | 3 4 5 |  5.0
Hexes          | 4 |  4.0
Fire Magic     | 1 2 |  2.0

Action                     |  1- 3 |  4- 6 |  7- 9 || total
---------------------------+-------+-------+-------++-------
  Melee: Short sword       |    11 |    28 |    90 ||   129
         Punch             |       |       |     2 ||     2
   Fire: Sling             |    75 |   150 |   105 ||   330
         Shortbow          |       |       |   221 ||   221
  Throw: Dart              |       |     3 |     4 ||     7
Ability: Hop               |     1 |     3 |     4 ||     8
    Use: Scroll            |       |     4 |       ||     4
 Armour: Robe              |     8 |    24 |    55 ||    87
  Dodge: Dodged            |    31 |    66 |   171 ||   268

Table legend: (Time is in decaauts)
 A = Elapsed time spent in this place.
 B = Non-inter-level travel time spent in this place.
 C = Inter-level travel time spent in this place.
 D = Time resting spent in this place.
 E = Time spent auto-exploring this place.
 F = Levels seen in this place.
 G = Mean time per level.
                   A        B        C        D        E       F      G
               +--------+--------+--------+--------+--------+-----+--------+
         Total |   6542 |   6211 |    331 |   1229 |   3622 |   6 | 1090.3 |
       Dungeon |   6542 |   6211 |    331 |   1229 |   3622 |   6 | 1090.3 |
               +--------+--------+--------+--------+--------+-----+--------+

Top non-repeatable levels by time:
     D:5: 1823 daAuts
     D:1: 1138 daAuts
     D:3: 1016 daAuts
     D:2: 1007 daAuts
     D:4: 989 daAuts
     D:6: 567 daAuts
